Lake Erie Monsters vs Laval Rockets

Created - 14 décembre 2021 at 17:10

Goals
1 2 3 T
Lake Erie Monsters 1 1 3 5
Laval Rockets 2 1 0 3
Shots
1 2 3 T
Lake Erie Monsters 11 8 12 31
Laval Rockets 12 15 2 29

1st period

1. Laval Rockets , Rasmus Asplund 16 (Brett Leason 11, Mikko Lehtonen 8) at 0:29
2. Laval Rockets , Yegor Chinakhov 7 (Ryan Poehling 24, Alexander Nylander 32) at 13:09
3. Lake Erie Monsters , Turner Elson 6 (Will Bitten 13) at 19:46 (PP)

Penalties :
Oskar Steen (MST) for Hooking (Minor) at 4:21, Cody Franson (BUL) for Holding (Minor) at 19:08

2nd period

4. Laval Rockets , Alexander Nylander 19 (Ryan Poehling 25) at 5:39
5. Lake Erie Monsters , Eduards Tralmaks 6 (Ondrej Kase 20, Will Bitten 14) at 13:09

Penalties :
Joe Hicketts (MST) for Hooking (Minor) at 7:02, Marko Dano (MST) for Hooking (Minor) at 14:14, Jack Dugan (BUL) for Roughing (Minor) at 17:39

3rd period

6. Lake Erie Monsters , Ondrej Kase 13 (Thomas Harley 11, Zackary Hayes 7) at 11:12 (PP)
7. Lake Erie Monsters , Will Bitten 14 (Ondrej Kase 21, Eduards Tralmaks 8) at 15:15
8. Lake Erie Monsters , Dysin Mayo 3 (Ondrej Kase 22, Thomas Harley 12) at 19:23 (Empty Net)

Penalties :
Lukas Elvenes (MST) for Holding Stick (Minor) at 0:19, Ryan Poehling (BUL) for Holding (Minor) at 2:41, Cody Franson (BUL) for Cross-checking (Minor) at 9:22

Goalie Stats

Pheonix Copley (MST), 26 saves from 29 shots - (0,897), W, 10-3-4, 60:00 minutes
Landon Bow (BUL), 26 saves from 30 shots - (0,867), L, 5-4-2, 59:48 minutes

Players Stats for Lake Erie Monsters

Player Name              G  A  P  +/- PIM S  H  SB GA TA FO     MP     PP MP  PK MP  
------------------------------------------------------------------------------------
Alexander Yelesin        0  0  0   1  0   1  0  1  0  0  0/0    13:46   0:00   0:05 
Bob Carpenter            0  0  0   0  0   0  0  0  1  0  1/1     9:12   0:00   0:00 
Dysin Mayo               1  0  1   1  0   1  2  1  0  0  0/0    23:36   1:56   3:14 
Eduards Tralmaks         1  1  2   1  0   4  2  0  0  0  1/2    14:10   0:00   0:02 
Giorgio Estephan         0  0  0   0  0   0  0  1  0  0  2/2     9:11   0:00   0:00 
Jan Drozg                0  0  0   0  0   1  0  0  0  0  0/0    11:51   0:00   1:31 
Joe Hicketts             0  0  0  -2  2   1  0  0  1  0  0/0    19:17   1:56   2:29 
Lukas Elvenes            0  0  0  -1  2   3  1  0  0  0  1/1    18:41   3:56   1:41 
Marko Dano               0  0  0   0  2   0  1  0  0  0  0/0    12:00   2:30   0:00 
Micheal Haley            0  0  0   0  0   0  1  0  1  0  0/0     9:11   0:00   0:00 
Mikko Kokkonen           0  0  0   1  0   1  1  1  0  0  0/0    13:43   0:00   0:40 
Ondrej Kase              1  3  4   2  0   3  1  1  1  0  0/2    22:22   3:56   4:09 
Oskar Steen              0  0  0  -2  2   6  1  0  0  0  13/21  19:05   3:56   3:09 
Ryan Suzuki              0  0  0   1  0   3  0  1  1  0  3/4    12:15   0:00   2:21 
Thomas Harley            0  2  2   1  0   3  0  1  0  1  0/0    26:18   4:30   4:42 
Turner Elson             1  0  1  -2  0   1  0  0  0  0  1/1    14:18   2:30   0:05 
Will Bitten              1  2  3   1  0   3  1  0  0  0  12/24  19:43   2:30   2:54 
Zackary Hayes            0  1  1  -2  0   0  3  0  0  0  0/0    23:21   4:30   4:42 

Players Stats for Laval Rockets

Player Name              G  A  P  +/- PIM S  H  SB GA TA FO     MP     PP MP  PK MP  
------------------------------------------------------------------------------------
Adam Brooks              0  0  0   0  0   1  0  0  0  3  1/2    11:07   0:00   0:00 
Alexander Nylander       1  1  2  -1  0   7  1  2  0  0  2/10   23:22   3:38   3:54 
Alexander Volkov         0  0  0   1  0   1  3  0  1  0  0/0    17:06   4:18   1:50 
Brett Leason             0  1  1   1  0   3  2  0  0  0  0/0    15:16   4:18   0:00 
Cody Franson             0  0  0   0  4   0  5  1  0  0  0/0    27:53   4:19   2:03 
David Cotton             0  0  0   0  0   1  0  0  0  0  2/2     7:42   0:00   0:00 
Dawson Barteaux          0  0  0   0  0   0  2  0  0  0  0/0    14:09   0:00   0:32 
Jack Dugan               0  0  0   0  2   2  3  0  0  0  0/1    11:23   0:00   0:13 
Jayce Hawryluk           0  0  0   0  0   1  1  0  0  0  0/0     7:42   0:00   0:00 
Kyle Criscuolo           0  0  0   0  0   0  0  0  0  0  0/0     2:07   0:00   0:29 
Logan O'Connor           0  0  0   0  0   1  2  0  0  0  0/1    12:52   0:00   0:55 
Matt Bartkowski          0  0  0   0  0   0  3  4  0  1  0/0    24:36   3:37   3:51 
Mikko Lehtonen           0  1  1   0  0   1  2  3  0  0  0/0    23:52   3:37   2:27 
Nikita Nesterov          0  0  0   0  0   1  5  2  0  1  0/0    27:05   4:19   3:59 
Rasmus Asplund           1  0  1   1  0   2  1  1  0  0  7/13   15:45   4:18   0:28 
Ryan Fitzgerald          0  0  0   0  0   3  1  0  0  0  0/0     7:42   0:00   0:00 
Ryan Poehling            0  2  2  -1  2   1  3  1  0  0  12/26  20:33   3:38   1:09 
Serron Noel              0  0  0   0  0   0  0  0  0  0  0/0     0:00   0:00   0:00 
Yegor Chinakhov          1  0  1  -1  0   4  2  1  0  0  0/3    23:18   3:38   3:54 

3 Stars

1 - Ondrej Kase (MST)
2 - Will Bitten (MST)
3 - Eduards Tralmaks (MST)

Power Play

Lake Erie Monsters - 2 on 4 Attempt(s) - 50,00%
Laval Rockets - 0 on 4 Attempt(s) - 0,00%

Penalty Kill

Lake Erie Monsters - 4 on 4 Attempt(s) - 100,00% - Score 0 goal in Penalty Kill
Laval Rockets - 2 on 4 Attempt(s) - 50,00% - Score 0 goal in Penalty Kill

Team Stat

Lake Erie Monsters - Hits : 14 - Faceoff Wins : 34 - Blocked Shots : 7 - Penalty Minutes : 8
Laval Rockets - Hits : 36 - Faceoff Wins : 24 - Blocked Shots : 15 - Penalty Minutes : 8

Official

Referees : Conor O'Donnell and Marc Joannette
Linesman : Steve Miller and Stephen Drain

Game Notes

Dysin Mayo has scored in a empty net!

Finance

Level 1 -- Attendance: 1233 (61,65%) -- Ticket Income 55 485 $
Level 2 -- Attendance: 485 (48,50%) -- Ticket Income 12 125 $
Total Attendance: 1718 (57,27%)
Total Ticket Income: 67 610 $
Other Income: 33 129 $
Total Income: 100 739 $

Lake Erie Monsters

5 vs 5 Forward 
   Center                   Left Wing                Right Wing               Time % Phy DF OF 
 1 Will Bitten              Eduards Tralmaks         Ondrej Kase              40     0   1  4  
 2 Oskar Steen              Turner Elson             Lukas Elvenes            30     0   2  3  
 3 Ryan Suzuki              Bob Carpenter            Marko Dano               20     0   2  3  
 4 Giorgio Estephan         Jan Drozg                Micheal Haley            10     0   2  3  

5 vs 5 Defense 
   Defense                  Defense                                           Time % Phy DF OF 
 1 Thomas Harley            Dysin Mayo                                        44     1   2  1  
 2 Joe Hicketts             Zackary Hayes                                     33     1   3  1  
 3 Alexander Yelesin        Mikko Kokkonen                                    23     1   3  1  
 4 Thomas Harley            Dysin Mayo                                        0      1   2  2  

PowerPlay Forward 
   Center                   Left Wing                Right Wing               Time % Phy DF OF 
 1 Oskar Steen              Ondrej Kase              Lukas Elvenes            60     0   0  5  
 2 Will Bitten              Turner Elson             Marko Dano               40     0   0  5  

PowerPlay Defense
   Defense                  Defense                                           Time % Phy DF OF 
 1 Thomas Harley            Zackary Hayes                                     60     0   0  5  
 2 Joe Hicketts             Dysin Mayo                                        40     0   0  5  

Penalty Kill 4 Players Forward 
   Center                   Wing                     Time % Phy DF OF 
 1 Oskar Steen              Ondrej Kase              60     0   4  1  
 2 Lukas Elvenes            Will Bitten              40     0   4  1  

Penalty Kill 4 Players Defense
   Defense                  Defense                  Time % Phy DF OF 
 1 Thomas Harley            Zackary Hayes            60     2   3  0  
 2 Joe Hicketts             Dysin Mayo               40     2   3  0  

Penalty Kill - 3 Players Forward 
   Forward                                           Time % Phy DF OF 
 1 Oskar Steen                                       60     1   2  2  
 2 Ondrej Kase                                       40     1   2  2  

Penalty Kill - 3 Players Defense
   Defense                  Defense                  Time % Phy DF OF 
 1 Thomas Harley            Zackary Hayes            60     1   2  2  
 2 Joe Hicketts             Dysin Mayo               40     1   2  2  

4 vs 4 Forward 
   Center                   Wing                     Time % Phy DF OF 
 1 Oskar Steen              Ondrej Kase              60     1   2  2  
 2 Lukas Elvenes            Will Bitten              40     1   2  2  

4 vs 4 Defense
   Defense                  Defense                  Time % Phy DF OF 
 1 Thomas Harley            Zackary Hayes            60     1   2  2  
 2 Joe Hicketts             Dysin Mayo               40     1   2  2  

Last Minutes Offensive
   Center                   Left Wing                Right Wing               Defense                  Defense                  
   Will Bitten              Ondrej Kase              Lukas Elvenes            Thomas Harley            Zackary Hayes            

Last Minutes Defensive
   Center                   Left Wing                Right Wing               Defense                  Defense                  
   Oskar Steen              Ondrej Kase              Lukas Elvenes            Thomas Harley            Zackary Hayes            

Goaltenders
Starting : Pheonix Copley           
Backup : Ryan Bednard             

Extra Forwards
Normal : Jan Drozg, Ryan Suzuki, Oskar Steen - PP : Jan Drozg, Ryan Suzuki - PK : Oskar Steen
Extra Defensemen
Normal : Alexander Yelesin, Mikko Kokkonen, Joe Hicketts - PP : Alexander Yelesin - PK : Mikko Kokkonen, Joe Hicketts
Penalty Shots
Oskar Steen, Ondrej Kase, Lukas Elvenes, Will Bitten, Turner Elson

Scratches
Brandon Baddock (Healthy), Zachary Gallant (Healthy), Patrick Harper (Healthy), Albin Grewe (Healthy), Mitchell Vande Sompel (Healthy)
Tyler Tucker (Healthy)

Laval Rockets

5 vs 5 Forward 
   Center                   Left Wing                Right Wing               Time % Phy DF OF 
 1 Ryan Poehling            Alexander Nylander       Yegor Chinakhov          40     1   2  2  
 2 Rasmus Asplund           Alexander Volkov         Brett Leason             30     1   2  2  
 3 Adam Brooks              Jack Dugan               Logan O'Connor           20     1   2  2  
 4 David Cotton             Ryan Fitzgerald          Jayce Hawryluk           10     1   2  2  

5 vs 5 Defense 
   Defense                  Defense                                           Time % Phy DF OF 
 1 Cody Franson             Nikita Nesterov                                   40     1   2  2  
 2 Mikko Lehtonen           Matt Bartkowski                                   30     1   2  2  
 3 Dawson Barteaux          Cody Franson                                      20     1   2  2  
 4 Nikita Nesterov          Mikko Lehtonen                                    10     1   2  2  

PowerPlay Forward 
   Center                   Left Wing                Right Wing               Time % Phy DF OF 
 1 Ryan Poehling            Alexander Nylander       Yegor Chinakhov          60     1   2  2  
 2 Rasmus Asplund           Alexander Volkov         Brett Leason             40     1   2  2  

PowerPlay Defense
   Defense                  Defense                                           Time % Phy DF OF 
 1 Cody Franson             Nikita Nesterov                                   60     1   2  2  
 2 Mikko Lehtonen           Matt Bartkowski                                   40     1   2  2  

Penalty Kill 4 Players Forward 
   Center                   Wing                     Time % Phy DF OF 
 1 Alexander Nylander       Yegor Chinakhov          60     1   2  2  
 2 Alexander Volkov         Ryan Poehling            40     1   2  2  

Penalty Kill 4 Players Defense
   Defense                  Defense                  Time % Phy DF OF 
 1 Cody Franson             Nikita Nesterov          60     1   2  2  
 2 Mikko Lehtonen           Matt Bartkowski          40     1   2  2  

Penalty Kill - 3 Players Forward 
   Forward                                           Time % Phy DF OF 
 1 Alexander Nylander                                60     1   2  2  
 2 Yegor Chinakhov                                   40     1   2  2  

Penalty Kill - 3 Players Defense
   Defense                  Defense                  Time % Phy DF OF 
 1 Cody Franson             Nikita Nesterov          60     1   2  2  
 2 Mikko Lehtonen           Matt Bartkowski          40     1   2  2  

4 vs 4 Forward 
   Center                   Wing                     Time % Phy DF OF 
 1 Alexander Nylander       Yegor Chinakhov          60     1   2  2  
 2 Alexander Volkov         Ryan Poehling            40     1   2  2  

4 vs 4 Defense
   Defense                  Defense                  Time % Phy DF OF 
 1 Cody Franson             Nikita Nesterov          60     1   2  2  
 2 Mikko Lehtonen           Matt Bartkowski          40     1   2  2  

Last Minutes Offensive
   Center                   Left Wing                Right Wing               Defense                  Defense                  
   Ryan Poehling            Alexander Nylander       Yegor Chinakhov          Cody Franson             Nikita Nesterov          

Last Minutes Defensive
   Center                   Left Wing                Right Wing               Defense                  Defense                  
   Ryan Poehling            Alexander Nylander       Yegor Chinakhov          Cody Franson             Nikita Nesterov          

Goaltenders
Starting : Landon Bow               
Backup : Joey Daccord             

Extra Forwards
Normal : Kyle Criscuolo, Serron Noel, Logan O'Connor - PP : Kyle Criscuolo, Serron Noel - PK : Logan O'Connor
Extra Defensemen
Normal : Dawson Barteaux, Matt Bartkowski, Cody Franson - PP : Dawson Barteaux - PK : Matt Bartkowski, Cody Franson
Penalty Shots
Alexander Nylander, Yegor Chinakhov, Alexander Volkov, Ryan Poehling, Rasmus Asplund

Scratches
Emil Bemstrom (Fractured Left Foot Injury), Alex Galchenyuk (Healthy), Maxim Golod (Healthy), Michael Pezzetta (Healthy), Chaz Reddekopp (Healthy)
Jermaine Loewen (Healthy), Tyler Lewington (Healthy), Declan McDonnell (Healthy), Riley Sutter (Healthy), Nikita Okhotyuk (Healthy)
Peter Diliberatore (Healthy), Ian Scott (Healthy)

% Time on Ice - Lake Erie Monsters

Lines # - Real PCT - Wanted PCT - Time Play
Normal Forward
1 - 32% - 40% - 14:12
2 - 28% - 30% - 12:27
3 - 20% - 20% - 9:12
4 - 20% - 10% - 9:11
Normal Defense
1 - 37% - 44% - 16:30
2 - 34% - 33% - 15:29
3 - 29% - 23% - 13:03
4 - 0% - 0% - 0:00
PP Forward
1 - 61% - 60% - 3:56
2 - 39% - 40% - 2:30
PP Defense
1 - 70% - 60% - 4:30
2 - 30% - 40% - 1:56
PK Forward
1 - 71% - 60% - 5:37
2 - 29% - 40% - 2:19
PK Defense
1 - 59% - 60% - 4:42
2 - 41% - 40% - 3:14
PK3 Forward
1 - 0% - 60%
2 - 0% - 40%
PK3 Defense
1 - 0% - 60%
2 - 0% - 40%
44 Forward
1 - 0% - 60%
2 - 0% - 40%
44 Defense
1 - 0% - 60%
2 - 0% - 40%
Last Minute Offensive  - 0:00
Last Minute Defensive  - 0:36
Total
Forward - 60:00
Defense - 60:00

% Time on Ice - Laval Rockets

Lines # - Real PCT - Wanted PCT - Time Play
Normal Forward
1 - 34% - 40% - 15:12
2 - 24% - 30% - 10:58
3 - 25% - 20% - 11:07
4 - 17% - 10% - 7:42
Normal Defense
1 - 32% - 40% - 14:36
2 - 33% - 30% - 15:04
3 - 25% - 20% - 11:19
4 - 9% - 10% - 4:00
PP Forward
1 - 46% - 60% - 3:38
2 - 54% - 40% - 4:18
PP Defense
1 - 54% - 60% - 4:19
2 - 46% - 40% - 3:37
PK Forward
1 - 80% - 60% - 5:07
2 - 20% - 40% - 1:19
PK Defense
1 - 70% - 60% - 4:31
2 - 30% - 40% - 1:55
PK3 Forward
1 - 0% - 60%
2 - 0% - 40%
PK3 Defense
1 - 0% - 60%
2 - 0% - 40%
44 Forward
1 - 0% - 60%
2 - 0% - 40%
44 Defense
1 - 0% - 60%
2 - 0% - 40%
Last Minute Offensive  - 0:39
Last Minute Defensive  - 0:00
Total
Forward - 60:00
Defense - 60:00

Play-by-Play

1st period


0:01 of 1st period - Ryan Poehling wins face-off versus Will Bitten in neutral zone.
0:12 of 1st period - Snap shot by Ondrej Kase.
0:12 of 1st period - Deflect By Eduards Tralmaks.
0:12 of 1st period - Stopped by Landon Bow without a rebound.
0:13 of 1st period - Rasmus Asplund wins face-off versus Oskar Steen in Laval Rockets zone.
0:27 of 1st period - Wrist shot by Rasmus Asplund.
0:27 of 1st period - Stopped by Pheonix Copley with a rebound.
0:29 of 1st period - Wrist shot by Brett Leason.
0:29 of 1st period - Deflect By Rasmus Asplund.
0:29 of 1st period - Goal by Rasmus Asplund - Lake Erie Monsters : 0 - Laval Rockets : 1.
0:30 of 1st period - Ryan Suzuki wins face-off versus Jack Dugan in neutral zone.
0:43 of 1st period - Wrist shot by Adam Brooks.
0:43 of 1st period - Deflect By Logan O'Connor.
0:43 of 1st period - Shot Blocked by Mikko Kokkonen.
0:43 of 1st period - Puck is out of play.
0:44 of 1st period - Will Bitten wins face-off versus Ryan Poehling in Lake Erie Monsters zone.
0:44 of 1st period - Will Bitten is hit by Yegor Chinakhov.
0:50 of 1st period - Wrist shot by Will Bitten.
0:50 of 1st period - Shot Blocked by Nikita Nesterov.
1:18 of 1st period - Wrist shot by David Cotton.
1:18 of 1st period - Deflect By Ryan Fitzgerald.
1:18 of 1st period - Shot Misses the Net.
1:18 of 1st period - Puck is out of play.
1:19 of 1st period - David Cotton wins face-off versus Oskar Steen in Lake Erie Monsters zone.
1:24 of 1st period - Wrist shot by David Cotton.
1:24 of 1st period - Deflect By Ryan Fitzgerald.
1:24 of 1st period - Stopped by Pheonix Copley with a rebound.
2:23 of 1st period - Alexander Nylander is hit by Mikko Kokkonen and loses puck.
2:32 of 1st period - Jan Drozg is hit by Nikita Nesterov and loses puck.
2:50 of 1st period - Slapshot by Alexander Yelesin.
2:50 of 1st period - Stopped by Landon Bow with a rebound.
2:52 of 1st period - Slapshot by Mikko Kokkonen.
2:52 of 1st period - Deflect By Brett Leason.
2:52 of 1st period - Stopped by Landon Bow with a rebound.
2:54 of 1st period - Snap shot by Oskar Steen.
2:54 of 1st period - Shot Misses the Net.
3:08 of 1st period - Slapshot by Alexander Volkov.
3:08 of 1st period - Shot Hit the Post.
3:10 of 1st period - Wrist shot by David Cotton.
3:10 of 1st period - Stopped by Pheonix Copley with a rebound.
3:12 of 1st period - Slapshot by Cody Franson.
3:12 of 1st period - Shot Blocked by Dysin Mayo.
3:14 of 1st period - Snap shot by Nikita Nesterov.
3:14 of 1st period - Shot Misses the Net.
3:16 of 1st period - Wrist shot by Ryan Fitzgerald.
3:16 of 1st period - Stopped by Pheonix Copley with a rebound.
3:48 of 1st period - Ryan Poehling is hit by Zackary Hayes and loses puck.
4:21 of 1st period - Minor Penalty to Oskar Steen for Hooking.
4:22 of 1st period - Ryan Suzuki wins face-off versus Ryan Poehling in Lake Erie Monsters zone.
5:05 of 1st period - Lukas Elvenes is hit by Nikita Nesterov and loses puck.
5:49 of 1st period - Zackary Hayes is hit by Alexander Volkov and loses puck.
6:21 of 1st period - Penalty to Oskar Steen is over, Oskar Steen is back on ice.
6:33 of 1st period - Oskar Steen is hit by Cody Franson and loses puck.
7:23 of 1st period - Yegor Chinakhov is hit by Dysin Mayo and loses puck.
7:50 of 1st period - Dysin Mayo is hit by Dawson Barteaux and loses puck.
8:01 of 1st period - Snap shot by Oskar Steen.
8:01 of 1st period - Stopped by Landon Bow without a rebound.
8:02 of 1st period - Ryan Poehling wins face-off versus Oskar Steen in Laval Rockets zone.
8:52 of 1st period - Wrist shot by Ryan Suzuki.
8:52 of 1st period - Shot Misses the Net.
8:54 of 1st period - Snap shot by Ryan Suzuki.
8:54 of 1st period - Shot Blocked by Matt Bartkowski.
8:56 of 1st period - Slapshot by Ryan Suzuki.
8:56 of 1st period - Stopped by Landon Bow with a rebound.
9:06 of 1st period - Giorgio Estephan is hit by Yegor Chinakhov.
9:10 of 1st period - Giorgio Estephan is hit by Nikita Nesterov and loses puck.
9:17 of 1st period - Dysin Mayo is hit by Ryan Poehling and loses puck.
10:30 of 1st period - Snap shot by Ryan Fitzgerald.
10:30 of 1st period - Shot Misses the Net.
11:07 of 1st period - Icing by Alexander Yelesin.
11:08 of 1st period - Rasmus Asplund wins face-off versus Will Bitten in Lake Erie Monsters zone.
11:09 of 1st period - Snap shot by Alexander Volkov.
11:09 of 1st period - Stopped by Pheonix Copley without a rebound.
11:10 of 1st period - Will Bitten wins face-off versus Rasmus Asplund in Lake Erie Monsters zone.
11:20 of 1st period - Snap shot by Brett Leason.
11:20 of 1st period - Shot Blocked by Thomas Harley.
11:26 of 1st period - Wrist shot by Brett Leason.
11:26 of 1st period - Stopped by Pheonix Copley with a rebound.
11:42 of 1st period - Snap shot by Yegor Chinakhov.
11:42 of 1st period - Deflect By Ryan Poehling.
11:42 of 1st period - Shot Misses the Net.
11:42 of 1st period - Puck is out of play.
11:43 of 1st period - Oskar Steen wins face-off versus Ryan Poehling in Lake Erie Monsters zone.
11:52 of 1st period - Wrist shot by Oskar Steen.
11:52 of 1st period - Shot Misses the Net.
11:54 of 1st period - Wrist shot by Oskar Steen.
11:54 of 1st period - Shot Misses the Net.
11:56 of 1st period - Snap shot by Joe Hicketts.
11:56 of 1st period - Shot Blocked by Alexander Nylander.
11:58 of 1st period - Slapshot by Joe Hicketts.
11:58 of 1st period - Shot Misses the Net.
12:00 of 1st period - Slapshot by Lukas Elvenes.
12:00 of 1st period - Deflect By Oskar Steen.
12:00 of 1st period - Stopped by Landon Bow without a rebound.
12:01 of 1st period - Rasmus Asplund wins face-off versus Ondrej Kase in Laval Rockets zone.
12:54 of 1st period - Backhand shot by Yegor Chinakhov.
12:54 of 1st period - Shot Misses the Net.
12:56 of 1st period - Slapshot by Nikita Nesterov.
12:56 of 1st period - Deflect By Alexander Nylander.
12:56 of 1st period - Shot Misses the Net.
12:56 of 1st period - Puck is out of play.
12:57 of 1st period - Oskar Steen wins face-off versus Ryan Poehling in Lake Erie Monsters zone.
13:02 of 1st period - Alexander Nylander is hit by Zackary Hayes and loses puck.
13:09 of 1st period - Snap shot by Yegor Chinakhov.
13:09 of 1st period - Deflect By Lukas Elvenes.
13:09 of 1st period - Goal by Yegor Chinakhov - Lake Erie Monsters : 0 - Laval Rockets : 2.
13:10 of 1st period - Will Bitten wins face-off versus Yegor Chinakhov in neutral zone.
13:19 of 1st period - Snap shot by Alexander Nylander.
13:19 of 1st period - Shot Misses the Net.
13:21 of 1st period - Snap shot by Alexander Nylander.
13:21 of 1st period - Stopped by Pheonix Copley without a rebound.
13:22 of 1st period - Ryan Poehling wins face-off versus Will Bitten in Lake Erie Monsters zone.
14:14 of 1st period - Jan Drozg is hit by Matt Bartkowski and loses puck.
15:16 of 1st period - Mikko Kokkonen is hit by Alexander Volkov and loses puck.
15:54 of 1st period - Lukas Elvenes is hit by Ryan Poehling and loses puck.
16:21 of 1st period - Wrist shot by Ondrej Kase.
16:21 of 1st period - Stopped by Landon Bow without a rebound.
16:22 of 1st period - Rasmus Asplund wins face-off versus Will Bitten in Laval Rockets zone.
16:29 of 1st period - Eduards Tralmaks is hit by Cody Franson and loses puck.
16:48 of 1st period - Alexander Nylander is hit by Lukas Elvenes.
16:52 of 1st period - Snap shot by Oskar Steen.
16:52 of 1st period - Deflect By Lukas Elvenes.
16:52 of 1st period - Stopped by Landon Bow without a rebound.
16:53 of 1st period - Ryan Poehling wins face-off versus Oskar Steen in Laval Rockets zone.
17:00 of 1st period - Snap shot by Alexander Nylander.
17:00 of 1st period - Stopped by Pheonix Copley without a rebound.
17:01 of 1st period - Ryan Poehling wins face-off versus Will Bitten in Lake Erie Monsters zone.
17:02 of 1st period - Slapshot by Yegor Chinakhov.
17:02 of 1st period - Shot Misses the Net.
17:10 of 1st period - Snap shot by Ondrej Kase.
17:10 of 1st period - Shot Blocked by Matt Bartkowski.
17:12 of 1st period - Slapshot by Thomas Harley.
17:12 of 1st period - Stopped by Landon Bow without a rebound.
17:13 of 1st period - Ryan Poehling wins face-off versus Will Bitten in Laval Rockets zone.
17:24 of 1st period - Snap shot by Yegor Chinakhov.
17:24 of 1st period - Stopped by Pheonix Copley with a rebound.
17:45 of 1st period - Icing by Ryan Suzuki.
17:46 of 1st period - Rasmus Asplund wins face-off versus Ryan Suzuki in Lake Erie Monsters zone.
17:49 of 1st period - Wrist shot by Alexander Volkov.
17:49 of 1st period - Shot Misses the Net.
17:51 of 1st period - Snap shot by Rasmus Asplund.
17:51 of 1st period - Shot Blocked by Ryan Suzuki.
17:53 of 1st period - Wrist shot by Rasmus Asplund.
17:53 of 1st period - Shot Misses the Net.
17:55 of 1st period - Wrist shot by Brett Leason.
17:55 of 1st period - Shot Misses the Net.
17:57 of 1st period - Wrist shot by Brett Leason.
17:57 of 1st period - Shot Misses the Net.
17:59 of 1st period - Snap shot by Brett Leason.
17:59 of 1st period - Shot Misses the Net.
18:01 of 1st period - Snap shot by Brett Leason.
18:01 of 1st period - Stopped by Pheonix Copley with a rebound.
18:11 of 1st period - Will Bitten is hit by Matt Bartkowski and loses puck.
18:29 of 1st period - Icing by Yegor Chinakhov.
18:30 of 1st period - Turner Elson wins face-off versus Adam Brooks in Laval Rockets zone.
18:33 of 1st period - Wrist shot by Oskar Steen.
18:33 of 1st period - Stopped by Landon Bow with a rebound.
18:57 of 1st period - Snap shot by Ondrej Kase.
18:57 of 1st period - Shot Misses the Net.
18:59 of 1st period - Snap shot by Will Bitten.
18:59 of 1st period - Shot Blocked by Mikko Lehtonen.
19:01 of 1st period - Slapshot by Dysin Mayo.
19:01 of 1st period - Deflect By Eduards Tralmaks.
19:01 of 1st period - Shot Misses the Net.
19:01 of 1st period - Puck is out of play.
19:02 of 1st period - Will Bitten wins face-off versus Ryan Poehling in Laval Rockets zone.
19:08 of 1st period - Minor Penalty to Cody Franson for Holding.
19:09 of 1st period - Oskar Steen wins face-off versus Alexander Nylander in Laval Rockets zone.
19:35 of 1st period - Alexander Nylander is hit by Ondrej Kase and loses puck.
19:40 of 1st period - Snap shot by Ondrej Kase.
19:40 of 1st period - Shot Misses the Net.
19:42 of 1st period - Backhand shot by Thomas Harley.
19:42 of 1st period - Deflect By Ondrej Kase.
19:42 of 1st period - Shot Blocked by Yegor Chinakhov.
19:42 of 1st period - Puck is out of play.
19:43 of 1st period - Will Bitten wins face-off versus Alexander Nylander in Laval Rockets zone.
19:46 of 1st period - Wrist shot by Turner Elson.
19:46 of 1st period - Goal by Turner Elson - Lake Erie Monsters : 1 - Laval Rockets : 2.
19:47 of 1st period - Will Bitten wins face-off versus Ryan Poehling in neutral zone.
Goals for this period are 1 for Lake Erie Monsters vs 2 for Laval Rockets.
Shots for this period are 11 for Lake Erie Monsters vs 12 for Laval Rockets.

2nd period


0:01 of 2nd period - Eduards Tralmaks wins face-off versus Yegor Chinakhov in neutral zone.
0:08 of 2nd period - Snap shot by Will Bitten.
0:08 of 2nd period - Stopped by Landon Bow with a rebound.
0:10 of 2nd period - Snap shot by Thomas Harley.
0:10 of 2nd period - Stopped by Landon Bow with a rebound.
0:16 of 2nd period - Snap shot by Will Bitten.
0:16 of 2nd period - Stopped by Landon Bow with a rebound.
0:37 of 2nd period - Wrist shot by Brett Leason.
0:37 of 2nd period - Shot Misses the Net.
1:53 of 2nd period - Wrist shot by Yegor Chinakhov.
1:53 of 2nd period - Stopped by Pheonix Copley without a rebound.
1:54 of 2nd period - Ryan Poehling wins face-off versus Oskar Steen in Lake Erie Monsters zone.
2:25 of 2nd period - Wrist shot by Yegor Chinakhov.
2:25 of 2nd period - Deflect By Alexander Nylander.
2:25 of 2nd period - Shot Misses the Net.
2:25 of 2nd period - Puck is out of play.
2:26 of 2nd period - Will Bitten wins face-off versus Rasmus Asplund in Lake Erie Monsters zone.
2:39 of 2nd period - Slapshot by Ondrej Kase.
2:39 of 2nd period - Shot Blocked by Rasmus Asplund.
3:00 of 2nd period - Slapshot by Logan O'Connor.
3:00 of 2nd period - Stopped by Pheonix Copley without a rebound.
3:01 of 2nd period - Ryan Poehling wins face-off versus Oskar Steen in Lake Erie Monsters zone.
3:04 of 2nd period - Snap shot by Alexander Nylander.
3:04 of 2nd period - Stopped by Pheonix Copley with a rebound.
3:06 of 2nd period - Wrist shot by Yegor Chinakhov.
3:06 of 2nd period - Shot Misses the Net.
3:08 of 2nd period - Snap shot by Alexander Nylander.
3:08 of 2nd period - Stopped by Pheonix Copley without a rebound.
3:09 of 2nd period - Oskar Steen wins face-off versus Ryan Poehling in Lake Erie Monsters zone.
3:14 of 2nd period - Snap shot by Turner Elson.
3:14 of 2nd period - Shot Blocked by Alexander Nylander.
3:20 of 2nd period - Snap shot by Oskar Steen.
3:20 of 2nd period - Shot Blocked by Mikko Lehtonen.
3:34 of 2nd period - Backhand shot by Alexander Nylander.
3:34 of 2nd period - Stopped by Pheonix Copley with a rebound.
3:54 of 2nd period - Wrist shot by Alexander Nylander.
3:54 of 2nd period - Shot Misses the Net.
3:56 of 2nd period - Snap shot by Alexander Nylander.
3:56 of 2nd period - Stopped by Pheonix Copley without a rebound.
3:57 of 2nd period - Will Bitten wins face-off versus Rasmus Asplund in Lake Erie Monsters zone.
4:08 of 2nd period - Slapshot by Alexander Volkov.
4:08 of 2nd period - Shot Blocked by Ondrej Kase.
4:10 of 2nd period - Snap shot by Cody Franson.
4:10 of 2nd period - Deflect By Brett Leason.
4:10 of 2nd period - Stopped by Pheonix Copley with a rebound.
4:12 of 2nd period - Slapshot by Alexander Volkov.
4:12 of 2nd period - Shot Misses the Net.
5:37 of 2nd period - Slapshot by Adam Brooks.
5:37 of 2nd period - Deflect By Turner Elson.
5:37 of 2nd period - Shot Misses the Net.
5:37 of 2nd period - Puck is out of play.
5:38 of 2nd period - Ryan Poehling wins face-off versus Will Bitten in Lake Erie Monsters zone.
5:39 of 2nd period - Snap shot by Alexander Nylander.
5:39 of 2nd period - Goal by Alexander Nylander - Lake Erie Monsters : 1 - Laval Rockets : 3.
5:40 of 2nd period - Rasmus Asplund wins face-off versus Will Bitten in neutral zone.
5:43 of 2nd period - Wrist shot by Nikita Nesterov.
5:43 of 2nd period - Deflect By Thomas Harley.
5:43 of 2nd period - Stopped by Pheonix Copley with a rebound.
5:53 of 2nd period - Eduards Tralmaks is hit by Brett Leason.
6:16 of 2nd period - Slapshot by Oskar Steen.
6:16 of 2nd period - Stopped by Landon Bow with a rebound.
6:28 of 2nd period - Ryan Suzuki is hit by Mikko Lehtonen and loses puck.
6:35 of 2nd period - Wrist shot by Yegor Chinakhov.
6:35 of 2nd period - Stopped by Pheonix Copley with a rebound.
6:47 of 2nd period - Zackary Hayes is hit by Jack Dugan.
6:48 of 2nd period - Icing by Zackary Hayes.
6:49 of 2nd period - Giorgio Estephan wins face-off versus Logan O'Connor in Lake Erie Monsters zone.
7:02 of 2nd period - Minor Penalty to Joe Hicketts for Hooking.
7:03 of 2nd period - Oskar Steen wins face-off versus Ryan Poehling in Lake Erie Monsters zone.
7:43 of 2nd period - Dysin Mayo is hit by Rasmus Asplund and loses puck.
8:46 of 2nd period - Thomas Harley is hit by Matt Bartkowski and loses puck.
9:02 of 2nd period - Penalty to Joe Hicketts is over, Joe Hicketts is back on ice.
9:13 of 2nd period - Backhand shot by Jack Dugan.
9:13 of 2nd period - Stopped by Pheonix Copley with a rebound.
9:15 of 2nd period - Slapshot by Adam Brooks.
9:15 of 2nd period - Shot Misses the Net.
9:17 of 2nd period - Snap shot by Adam Brooks.
9:17 of 2nd period - Stopped by Pheonix Copley with a rebound.
9:19 of 2nd period - Slapshot by Matt Bartkowski.
9:19 of 2nd period - Shot Blocked by Alexander Yelesin.
9:35 of 2nd period - Slapshot by Ryan Fitzgerald.
9:35 of 2nd period - Deflect By Jan Drozg.
9:35 of 2nd period - Stopped by Pheonix Copley with a rebound.
9:37 of 2nd period - Snap shot by David Cotton.
9:37 of 2nd period - Shot Misses the Net.
9:39 of 2nd period - Slapshot by Cody Franson.
9:39 of 2nd period - Deflect By David Cotton.
9:39 of 2nd period - Shot Blocked by Giorgio Estephan.
9:39 of 2nd period - Puck is out of play.
9:40 of 2nd period - Ryan Poehling wins face-off versus Will Bitten in Lake Erie Monsters zone.
9:53 of 2nd period - Ondrej Kase is hit by Cody Franson and loses puck.
10:04 of 2nd period - Jack Dugan is hit by Oskar Steen and loses puck.
10:37 of 2nd period - Snap shot by Dysin Mayo.
10:37 of 2nd period - Shot Misses the Net.
10:39 of 2nd period - Snap shot by Marko Dano.
10:39 of 2nd period - Shot Blocked by Nikita Nesterov.
11:36 of 2nd period - Snap shot by Oskar Steen.
11:36 of 2nd period - Shot Misses the Net.
11:46 of 2nd period - Wrist shot by Marko Dano.
11:46 of 2nd period - Shot Misses the Net.
12:01 of 2nd period - Snap shot by Jack Dugan.
12:01 of 2nd period - Stopped by Pheonix Copley with a rebound.
12:32 of 2nd period - Alexander Yelesin is hit by Logan O'Connor.
13:05 of 2nd period - Slapshot by Jan Drozg.
13:05 of 2nd period - Stopped by Landon Bow without a rebound.
13:06 of 2nd period - Will Bitten wins face-off versus Ryan Poehling in Laval Rockets zone.
13:07 of 2nd period - Wrist shot by Ondrej Kase.
13:07 of 2nd period - Shot Misses the Net.
13:09 of 2nd period - Snap shot by Eduards Tralmaks.
13:09 of 2nd period - Goal by Eduards Tralmaks - Lake Erie Monsters : 2 - Laval Rockets : 3.
13:10 of 2nd period - Will Bitten wins face-off versus Ryan Poehling in neutral zone.
13:45 of 2nd period - Slapshot by Oskar Steen.
13:45 of 2nd period - Stopped by Landon Bow with a rebound.
14:14 of 2nd period - Minor Penalty to Marko Dano for Hooking.
14:15 of 2nd period - Ryan Poehling wins face-off versus Oskar Steen in Lake Erie Monsters zone.
14:43 of 2nd period - Icing by Mikko Lehtonen.
14:44 of 2nd period - Lukas Elvenes wins face-off versus Rasmus Asplund in Laval Rockets zone.
15:11 of 2nd period - Slapshot by Mikko Lehtonen.
15:11 of 2nd period - Stopped by Pheonix Copley with a rebound.
16:14 of 2nd period - Penalty to Marko Dano is over, Marko Dano is back on ice.
16:47 of 2nd period - Joe Hicketts is hit by Jack Dugan and loses puck.
16:58 of 2nd period - Icing by Dysin Mayo.
16:59 of 2nd period - Giorgio Estephan wins face-off versus Alexander Nylander in Lake Erie Monsters zone.
17:04 of 2nd period - Giorgio Estephan is hit by Alexander Nylander.
17:39 of 2nd period - Minor Penalty to Jack Dugan for Roughing.
17:40 of 2nd period - Oskar Steen wins face-off versus Alexander Nylander in Laval Rockets zone.
17:42 of 2nd period - Slapshot by Oskar Steen.
17:42 of 2nd period - Shot Misses the Net.
17:44 of 2nd period - Slapshot by Lukas Elvenes.
17:44 of 2nd period - Shot Misses the Net.
17:46 of 2nd period - Snap shot by Oskar Steen.
17:46 of 2nd period - Deflect By Lukas Elvenes.
17:46 of 2nd period - Shot Misses the Net.
17:46 of 2nd period - Puck is out of play.
17:47 of 2nd period - Oskar Steen wins face-off versus Alexander Nylander in Laval Rockets zone.
17:48 of 2nd period - Snap shot by Ondrej Kase.
17:48 of 2nd period - Shot Misses the Net.
17:50 of 2nd period - Slapshot by Lukas Elvenes.
17:50 of 2nd period - Shot Misses the Net.
17:58 of 2nd period - Wrist shot by Ondrej Kase.
17:58 of 2nd period - Shot Misses the Net.
18:00 of 2nd period - Snap shot by Oskar Steen.
18:00 of 2nd period - Stopped by Landon Bow without a rebound.
18:01 of 2nd period - Alexander Nylander wins face-off versus Oskar Steen in Laval Rockets zone.
18:28 of 2nd period - Snap shot by Turner Elson.
18:28 of 2nd period - Shot Misses the Net.
19:39 of 2nd period - Penalty to Jack Dugan is over, Jack Dugan is back on ice.
Goals for this period are 1 for Lake Erie Monsters vs 1 for Laval Rockets.
Shots for this period are 8 for Lake Erie Monsters vs 15 for Laval Rockets.

3rd period


0:01 of 3rd period - Ryan Poehling wins face-off versus Will Bitten in neutral zone.
0:16 of 3rd period - Off-side.
0:17 of 3rd period - Oskar Steen wins face-off versus Rasmus Asplund in neutral zone.
0:19 of 3rd period - Minor Penalty to Lukas Elvenes for Holding Stick.
0:20 of 3rd period - Oskar Steen wins face-off versus Yegor Chinakhov in Lake Erie Monsters zone.
0:46 of 3rd period - Zackary Hayes is hit by Cody Franson and loses puck.
1:35 of 3rd period - Rasmus Asplund is hit by Zackary Hayes.
1:50 of 3rd period - Jan Drozg is hit by Nikita Nesterov and loses puck.
2:15 of 3rd period - Ryan Suzuki is hit by Nikita Nesterov.
2:19 of 3rd period - Penalty to Lukas Elvenes is over, Lukas Elvenes is back on ice.
2:23 of 3rd period - Alexander Volkov is hit by Dysin Mayo and loses puck.
2:36 of 3rd period - Wrist shot by Lukas Elvenes.
2:36 of 3rd period - Stopped by Landon Bow without a rebound.
2:37 of 3rd period - Oskar Steen wins face-off versus Ryan Poehling in Laval Rockets zone.
2:41 of 3rd period - Minor Penalty to Ryan Poehling for Holding.
2:42 of 3rd period - Oskar Steen wins face-off versus Alexander Nylander in Laval Rockets zone.
4:00 of 3rd period - Dysin Mayo is hit by Mikko Lehtonen and loses puck.
4:41 of 3rd period - Penalty to Ryan Poehling is over, Ryan Poehling is back on ice.
4:47 of 3rd period - Giorgio Estephan is hit by Jayce Hawryluk and loses puck.
6:46 of 3rd period - Dysin Mayo is hit by Ryan Poehling and loses puck.
6:57 of 3rd period - Jack Dugan is hit by Micheal Haley and loses puck.
7:17 of 3rd period - Ondrej Kase is hit by Brett Leason.
7:46 of 3rd period - Mikko Kokkonen is hit by Ryan Fitzgerald and loses puck.
8:03 of 3rd period - Alexander Nylander is hit by Eduards Tralmaks and loses puck.
8:27 of 3rd period - Icing by Ryan Poehling.
8:28 of 3rd period - Ryan Suzuki wins face-off versus Ryan Poehling in Laval Rockets zone.
8:35 of 3rd period - Wrist shot by Will Bitten.
8:35 of 3rd period - Shot Misses the Net.
8:37 of 3rd period - Slapshot by Joe Hicketts.
8:37 of 3rd period - Stopped by Landon Bow with a rebound.
8:39 of 3rd period - Slapshot by Joe Hicketts.
8:39 of 3rd period - Shot Misses the Net.
8:41 of 3rd period - Slapshot by Thomas Harley.
8:41 of 3rd period - Stopped by Landon Bow with a rebound.
9:15 of 3rd period - Snap shot by Ryan Suzuki.
9:15 of 3rd period - Shot Hit the Post.
9:17 of 3rd period - Slapshot by Bob Carpenter.
9:17 of 3rd period - Shot Misses the Net.
9:19 of 3rd period - Snap shot by Ryan Suzuki.
9:19 of 3rd period - Deflect By Marko Dano.
9:19 of 3rd period - Shot Misses the Net.
9:19 of 3rd period - Puck is out of play.
9:20 of 3rd period - Rasmus Asplund wins face-off versus Ondrej Kase in Laval Rockets zone.
9:22 of 3rd period - Minor Penalty to Cody Franson for Cross-checking.
9:23 of 3rd period - Oskar Steen wins face-off versus Alexander Nylander in Laval Rockets zone.
9:33 of 3rd period - Snap shot by Lukas Elvenes.
9:33 of 3rd period - Stopped by Landon Bow without a rebound.
9:34 of 3rd period - Oskar Steen wins face-off versus Alexander Nylander in Laval Rockets zone.
9:43 of 3rd period - Snap shot by Lukas Elvenes.
9:43 of 3rd period - Shot Misses the Net.
10:10 of 3rd period - Icing by Thomas Harley.
10:11 of 3rd period - Alexander Nylander wins face-off versus Will Bitten in Lake Erie Monsters zone.
10:57 of 3rd period - Lukas Elvenes is hit by Dawson Barteaux and loses puck.
11:04 of 3rd period - Wrist shot by Ondrej Kase.
11:04 of 3rd period - Shot Misses the Net.
11:08 of 3rd period - Wrist shot by Ondrej Kase.
11:08 of 3rd period - Shot Blocked by Ryan Poehling.
11:12 of 3rd period - Slapshot by Ondrej Kase.
11:12 of 3rd period - Goal by Ondrej Kase - Lake Erie Monsters : 3 - Laval Rockets : 3.
11:13 of 3rd period - Will Bitten wins face-off versus Rasmus Asplund in neutral zone.
11:28 of 3rd period - Brett Leason is hit by Will Bitten and loses puck.
12:06 of 3rd period - Slapshot by Micheal Haley.
12:06 of 3rd period - Shot Misses the Net.
12:32 of 3rd period - Snap shot by Lukas Elvenes.
12:32 of 3rd period - Shot Misses the Net.
12:34 of 3rd period - Wrist shot by Oskar Steen.
12:34 of 3rd period - Shot Misses the Net.
12:46 of 3rd period - Slapshot by Will Bitten.
12:46 of 3rd period - Shot Blocked by Mikko Lehtonen.
12:48 of 3rd period - Wrist shot by Joe Hicketts.
12:48 of 3rd period - Deflect By Eduards Tralmaks.
12:48 of 3rd period - Stopped by Landon Bow with a rebound.
13:16 of 3rd period - Slapshot by David Cotton.
13:16 of 3rd period - Shot Misses the Net.
13:28 of 3rd period - Wrist shot by Ryan Poehling.
13:28 of 3rd period - Stopped by Pheonix Copley with a rebound.
13:44 of 3rd period - Joe Hicketts is hit by Jack Dugan.
14:28 of 3rd period - Nikita Nesterov is hit by Marko Dano and loses puck.
14:38 of 3rd period - Off-side.
14:39 of 3rd period - David Cotton wins face-off versus Will Bitten in neutral zone.
14:42 of 3rd period - Will Bitten is hit by Cody Franson and loses puck.
14:47 of 3rd period - Snap shot by Jayce Hawryluk.
14:47 of 3rd period - Stopped by Pheonix Copley without a rebound.
14:48 of 3rd period - Will Bitten wins face-off versus Ryan Poehling in Lake Erie Monsters zone.
14:57 of 3rd period - Yegor Chinakhov is hit by Eduards Tralmaks.
15:05 of 3rd period - Backhand shot by Ondrej Kase.
15:05 of 3rd period - Stopped by Landon Bow with a rebound.
15:07 of 3rd period - Snap shot by Eduards Tralmaks.
15:07 of 3rd period - Stopped by Landon Bow with a rebound.
15:13 of 3rd period - Snap shot by Ondrej Kase.
15:13 of 3rd period - Shot Blocked by Cody Franson.
15:15 of 3rd period - Slapshot by Will Bitten.
15:15 of 3rd period - Goal by Will Bitten - Lake Erie Monsters : 4 - Laval Rockets : 3.
15:16 of 3rd period - Bob Carpenter wins face-off versus Ryan Poehling in neutral zone.
15:58 of 3rd period - Wrist shot by Ryan Suzuki.
15:58 of 3rd period - Stopped by Landon Bow with a rebound.
16:00 of 3rd period - Snap shot by Marko Dano.
16:00 of 3rd period - Shot Blocked by Matt Bartkowski.
16:02 of 3rd period - Snap shot by Bob Carpenter.
16:02 of 3rd period - Deflect By Ryan Suzuki.
16:02 of 3rd period - Stopped by Landon Bow with a rebound.
16:08 of 3rd period - Marko Dano is hit by Logan O'Connor and loses puck.
16:45 of 3rd period - Turner Elson is hit by Alexander Volkov and loses puck.
19:11 of 3rd period - Laval Rockets, Landon Bow is pulled from the net.
19:21 of 3rd period - Wrist shot by Ondrej Kase.
19:21 of 3rd period - Shot Blocked by Matt Bartkowski.
19:23 of 3rd period - Slapshot by Dysin Mayo.
19:23 of 3rd period - Goal by Dysin Mayo - Lake Erie Monsters : 5 - Laval Rockets : 3.
19:23 of 3rd period - Landon Bow from Laval Rockets was sent back in the game.
19:24 of 3rd period - Adam Brooks wins face-off versus Eduards Tralmaks in neutral zone.
Goals for this period are 3 for Lake Erie Monsters vs 0 for Laval Rockets.
Shots for this period are 12 for Lake Erie Monsters vs 2 for Laval Rockets. Output by the SimonT Hockey Simulator (STHS) for Eric Tremblay - Original Page W3C HTML5 Valid
Hockey Simulator - Hockey Simulation - Hockey Manager